 Dungeon Crawl Stone Soup version 0.18.1-6-gd335043 (webtiles) character file.

40 mopl the Insei (level 3, -7/27 HPs)
             Began as a Vampire Transmuter on May 16, 2016.
             Killed from afar by Natasha (8 damage)
             ... with a magic dart
             ... on level 2 of the Dungeon.
             The game lasted 00:01:39 (1448 turns).

mopl the Insei (Vampire Transmuter)                 Turns: 1448, Time: 00:01:40

Health: -7/27      AC:  2    Str:  9    XL:     3   Next: 30%
Magic:  6/6        EV: 13    Int: 15    God:
Gold:   24         SH:  0    Dex: 15    Spells: 2 memorised, 3 levels left

rFire  . . .     SeeInvis +     l - +0 dagger
rCold  + . .     Gourm    .     b - +0 robe
rNeg   + + .     Faith    .     (no shield)
rPois  +         Spirit   .     (no helmet)
rElec  .         Dismiss  .     (no cloak)
rCorr  .         Reflect  .     (no gloves)
SustAt .         Harm     .     (no boots)
MR     .....                    (no amulet)
Stlth  ++........               (no ring)
                                (no ring)

@: regenerating slowly, not resistant to hostile enchantments, unstealthy
A: fangs 3, see invisible, unbreathing
a: Bat Form


You were on level 2 of the Dungeon.
You were very thirsty.

You visited 1 branch of the dungeon, and saw 2 of its levels.

You collected 24 gold pieces.

Inventory:

Hand Weapons
 l - a +0 dagger (weapon)
Missiles
 a - 27 arrows
 k - 5 tomahawks (quivered)
Armour
 b - a +0 robe (worn)
Scrolls
 f - 3 scrolls of magic mapping {unknown}
 h - a scroll of recharging {unknown}
 i - a scroll of identify {unknown}
 j - a scroll of teleportation {unknown}
Potions
 d - a potion of blood
 e - a potion of flight {unknown}
 g - 2 potions of curing {unknown}
Books
 c - a book of Changes

   Spells                             Type                      Level
   a - Beastly Appendage              Transmutation                1
   b - Sticks to Snakes               Transmutation                2
   c - Spider Form                    Transmutation/Poison         3
   d - Ice Form                       Ice/Transmutation            4
   e - Blade Hands                    Transmutation                5


   Skills:
 + Level 1.8 Fighting
 + Level 2.9 Dodging
 + Level 2.5 Stealth
 - Level 3.2 Unarmed Combat
 - Level 2.0 Spellcasting
 - Level 2.1 Transmutations


You had 3 spell levels left.
You knew the following spells:

 Your Spells              Type           Power        Failure   Level  Hunger
a - Beastly Appendage     Trmt           #.....       12%         1    #......
w - Sticks to Snakes      Trmt           #.......     14%         2    ###....


Dungeon Overview and Level Annotations

Branches:
Dungeon (2/15)

Altars:

Annotations:
D:2 Natasha


Innate Abilities, Weirdness & Mutations

You heal slowly.
You have razor-sharp teeth.
You have supernaturally acute eyesight.
You can survive without breathing.


Message History

Natasha hisses angrily.
Natasha casts a spell.
The white imp gestures at you. The puff of frost hits you! You resist.
You closely miss Natasha. Your bite misses Natasha. Natasha barely misses you.
The white imp barely misses you.
You closely miss Natasha. You bite Natasha, but do no damage.
Natasha howls an incantation.
Natasha's fingertips start to glow.
Natasha claws you!
* * * LOW HITPOINT WARNING * * *
The white imp gestures at you. The puff of frost hits you! You resist.
* * * LOW HITPOINT WARNING * * *
Natasha casts a spell.
The white imp gestures at you. The puff of frost hits you! You resist.
* * * LOW HITPOINT WARNING * * *
Natasha stares at you and mumbles some strange words.
The magic dart hits you!
You die...

##########
.........#
.........#
...?.....+
.....5...#
.......h5#
.........#
.#......#####
#.....@# #.#
.#......###.#
........>##.#####.#
...##.............#
... #.##.##.#####.
.. #. #.##.#
#.##.##.# . ...
#.##.##.#
#.....##.##.##†##


You could see Natasha, a white imp and a shadow imp.

Vanquished Creatures
  An adder (D:2)
  An ooze (D:1)
  A giant gecko (D:1)
  A goblin (D:1)
  3 hobgoblins
  4 jackals
  A ball python (D:1)
  3 bats (D:1)
  7 giant newts
  3 kobolds
  2 rats (D:1)
27 creatures vanquished.

Notes
Turn   | Place    | Note
--------------------------------------------------------------
     0 | D:1      | mopl the Vampire Transmuter began the quest for the Orb.
     0 | D:1      | Reached XP level 1. HP: 14/14 MP: 3/3
    22 | D:1      | Reached skill level 1 in Fighting
   304 | D:1      | Reached XP level 2. HP: 13/21 MP: 5/5
   348 | D:1      | Reached skill level 1 in Stealth
   380 | D:1      | Learned a level 2 spell: Sticks to Snakes
  1000 | D:2      | Reached skill level 2 in Stealth
  1047 | D:2      | Reached XP level 3. HP: 15/27 MP: 6/6
  1439 | D:2      | Noticed Natasha
  1447 | D:2      | HP: 1/27 [white imp/puff of frost[Natasha] (4)]
  1448 | D:2      | Killed from afar by Natasha

Skill      XL: |  1  2 |
---------------+-------+-----
Fighting       | 1 |  1.8
Stealth        | 2 |  2.5
Dodging        | |  2.9
Unarmed Combat | |  3.2
Spellcasting   | |  2.0
Transmutations | |  2.1

Action                   || total
-------------------------++-------
Melee: Unarmed           ||    90
       Bite              ||    11
       Punch             ||     2
       Dagger            ||     2
 Stab: Sleeping          ||     3
Armor: Robe              ||    17
Dodge: Dodged            ||    61
